 Dungeon Crawl Stone Soup version 0.19.1-1-g22dce08 (webtiles) character file.

76 loralnil the Sneak (level 4, -2/21 HPs)
             Began as a Spriggan Enchanter on Jan 2, 2017.
             Slain by theAP's ghost (13 damage)
             ... on level 3 of the Dungeon.
             The game lasted 00:04:59 (2281 turns).

loralnil the Sneak (Spriggan Enchanter)             Turns: 2281, Time: 00:05:00

Health: -2/21      AC:  3    Str:  4    XL:     4   Next: 12%
Magic:  2/9        EV: 19    Int: 16    God:
Gold:   91         SH:  0    Dex: 17    Spells: 4 memorised, 0 levels left

rFire  . . .     SeeInvis +     a - +1 dagger
rCold  . . .     Gourm    .     b - +1 robe
rNeg   . . .     Faith    .     (shield restricted)
rPois  .         Spirit   .     (helmet restricted)
rElec  .         Reflect  .     (no cloak)
rCorr  .         Harm     .     (gloves unavailable)
MR     .....                    (boots unavailable)
Stlth  +++.......               (no amulet)
                                (no ring)
                                (no ring)

@: very quick
A: unfitting armour, see invisible, herbivore 3, speed 3, slow metabolism 2
a: no special abilities


You were on level 3 of the Dungeon.
You were full.

You visited 1 branch of the dungeon, and saw 3 of its levels.

You collected 91 gold pieces.

Inventory:

Hand Weapons
 a - a +1 dagger (weapon)
Armour
 b - a +1 robe (worn)
Scrolls
 h - a scroll of immolation {unknown}
 i - a scroll of fear {unknown}
 j - a scroll of amnesia {unknown}
 m - a scroll of magic mapping {unknown}
 n - a scroll of recharging {unknown}
Potions
 e - 2 potions of haste
 f - a potion of flight
 g - 2 potions of brilliance
 k - a potion of mutation {unknown}
 l - a potion of cure mutation {unknown}
Books
 c - a book of Maledictions

   Spells                             Type                      Level
   a - Corona                         Hexes                        1
   b - Ensorcelled Hibernation        Hexes/Ice                    2
   c - Confuse                        Hexes                        3
   d - Tukima's Dance                 Hexes                        3
   e - Dazzling Spray                 Conjuration/Hexes            3
Comestibles
 d - 2 bread rations


   Skills:
 + Level 0.4 Fighting
 + Level 1.7 Short Blades
 + Level 3.7 Dodging
 + Level 5.6 Stealth
 + Level 3.2 Spellcasting
 + Level 4.1 Hexes
 + Level 0.4 Ice Magic


You couldn't memorise any spells.
You knew the following spells:

 Your Spells              Type           Power        Failure   Level  Hunger
a - Corona                Hex            ###....      4%          1    None
b - Ensorcelled Hibernat  Hex/Ice        #.....       12%         2    ##.....
c - Confuse               Hex            ###.....     12%         3    ###....
d - Tukima's Dance        Hex            ###.....     12%         3    ###....


Dungeon Overview and Level Annotations

Branches:
Dungeon (3/15)

Altars:
Ashenzari
Kikubaaqudgha

Annotations:
D:3 Ijyb; theAP's ghost, amateur GrFi


Innate Abilities, Weirdness & Mutations

You are very small and have problems with some larger weapons.
You are too small for most types of armour.
You have supernaturally acute eyesight. (SInv)
You are a herbivore.
You cover ground extremely quickly.
You need consume almost no food.


Message History

You hit Ijyb.
Ijyb is heavily wounded.
You hit Ijyb.
Ijyb is severely wounded.
Ijyb barely misses you. Ijyb closely misses you.
You barely miss Ijyb.
Ijyb is severely wounded.
Ijyb barely misses you.
You hit Ijyb.
Ijyb is severely wounded.
Ijyb closely misses you. TheAP's ghost barely misses you.
You hit Ijyb.
Ijyb is almost dead.
Ijyb closely misses you. TheAP's ghost hits you.
You hit Ijyb.
Ijyb is almost dead.
Ijyb closely misses you. TheAP's ghost hits you!
Ouch! That really hurt!
You die...

#........#
##.......######
#............W
#.......######
##...........
#####..###.######
####.....## #.#
.......Wg# #..
........@# ....
................
###########......
##..


You could see Ijyb and theAP's ghost.

Vanquished Creatures
  3 adders (D:2)
  A dart slug (D:2)
  A leopard gecko (D:1)
  7 bats
  2 giant cockroaches (D:1)
  7 goblins
  4 hobgoblins
  2 jackals (D:2)
  A ball python (D:1)
  6 frilled lizards
  7 kobolds
  4 rats
45 creatures vanquished.

Notes
Turn   | Place    | Note
-------+----------+-------------------------------------------
     0 | D:1      | loralnil the Spriggan Enchanter began the quest for the Orb.
     0 | D:1      | Reached XP level 1. HP: 9/9 MP: 5/5
   309 | D:1      | Reached XP level 2. HP: 13/13 MP: 6/6
   600 | D:1      | Learned a level 2 spell: Ensorcelled Hibernation
   909 | D:1      | Reached skill level 5 in Stealth
  1240 | D:2      | Reached XP level 3. HP: 8/16 MP: 2/8
  1580 | D:2      | Found a faded altar of an unknown god.
  1829 | D:2      | Reached XP level 4. HP: 21/21 MP: 6/9
  1846 | D:2      | Found an ancient bone altar of Kikubaaqudgha.
  1897 | D:2      | Found a shattered altar of Ashenzari.
  1910 | D:2      | Learned a level 3 spell: Confuse
  1914 | D:2      | Learned a level 3 spell: Tukima's Dance
  2260 | D:3      | Noticed Ijyb
  2262 | D:3      | Noticed theAP's ghost (amateur GrFi)
  2281 | D:3      | Slain by theAP's ghost

Skill      XL: |  1  2  3 |
---------------+----------+-----
Stealth        | 5 |  5.6
Spellcasting   | 3 |  3.2
Hexes          | 4 |  4.1
Fighting       | |  0.4
Short Blades   | |  1.7
Dodging        | |  3.7
Ice Magic      | |  0.4

Action                   |  1- 3 |  4- 6 || total
-------------------------+-------+-------++-------
Melee: Dagger            |   113 |    28 ||   141
 Cast: Corona            |     7 |       ||     7
       Ensorcelled Hiber |    20 |     9 ||    29
  Use: Scroll            |     5 |       ||     5
       Potion            |     1 |       ||     1
 Stab: Sleeping          |    20 |     6 ||    26
       Distracted        |     1 |       ||     1
  Eat: Bread ration      |       |     1 ||     1
Armor: Robe              |    18 |     4 ||    22
Dodge: Dodged            |   106 |    26 ||   132
